[Event "*** SCC Grand Prix: Titled Tuesday Blitz"]
[Site "Chess.com"]
[Date "2020.06.23"]
[Round "2"]
[White "Sammed_Shete"]
[Black "rasmussvane"]
[Result "0-1"]
[WhiteElo "2564"]
[BlackElo "2901"]
[TimeControl "180+1"]
[EndTime "10:18:35 PDT"]
[Termination "rasmussvane won on time"]

1. e4 c6 2. Nf3 d5 3. Nc3 dxe4 4. Nxe4 Nf6 5. Qe2 Nxe4 6. Qxe4 Qa5 7. Bc4 Bf5 8. Qe2 e6 9. O-O Qd8 10. d4 Bd6 11. Bg5 Qc7 12. Bh4 O-O 13. Bg3 Nd7 14. c3 Rad8 15. Rad1 Rfe8 16. Rfe1 h6 17. Nh4 Bh7 18.
Nf3 a6 19. Bb3 Bxg3 20. hxg3 Nf6 21. Ne5 c5 22. dxc5 Be4 23. Rxd8 Rxd8 24. Ng4 Nxg4 25. Qxg4 Bf5 26. Qb4 Rd2 27. Bc4 a5 28. Qb5 h5 29.
Bf1 Kh7 30. a4 h4 31. gxh4 Qf4 32. Re2 Rd1 33. b4 Bd3 0-1

[Event "*** SCC Grand Prix: Titled Tuesday Blitz"]
[Site "Chess.com"]
[Date "2020.06.23"]
[Round "2"]
[White "GMTalks_Youtube"]
[Black "elohunter1999"]
[Result "1-0"]
[WhiteElo "2688"]
[BlackElo "2465"]
[TimeControl "180+1"]
[EndTime "10:18:35 PDT"]
[Termination "GMTalks_Youtube won on time"]

1. e4 c5 2. Nf3 d6 3. d4 cxd4 4.
Nxd4 Nf6 5. Nc3 Nc6 6. g3 Nxd4 7. Qxd4 g6 8. Bg2 Bg7 9. O-O O-O 10. Qb4 a5 11. Qb3 Be6 12. Nd5 a4 13. Qxb7 Bxd5 14. exd5 Qa5 15. Qxe7 a3 16. Rb1 Nxd5 17. Qxd6 Rfd8 18.
Qxa3 Qxa3 19. bxa3 Rac8 20. Bg5 f6 21. Rbd1 Nc3 22.
Rxd8+ Rxd8 23. Be3 Bf8 24. a4 Nxa4 25. h4 Nc3 26. a4 Nxa4 27. Ra1 Nc3 28. Ra7 Nb5 29.
Rb7 Nd4 30. c4 Nf5 31. Bd5+ Kh8 32. Bb6 Re8 33. h5 gxh5 34. Kg2 h4 35. g4 Nd6 36. Rd7 Ne4 37. Bd4 h6 38. Bf7 Rc8 39. Bg6 1-0

[Event "*** SCC Grand Prix: Titled Tuesday Blitz"]
[Site "Chess.com"]
[Date "2020.06.23"]
[Round "2"]
[White "QueenOfTactics90"]
[Black "Aleksandar-Topalov"]
[Result "0-1"]
[WhiteElo "1937"]
[BlackElo "2370"]
[TimeControl "180+1"]
[EndTime "10:18:36 PDT"]
[Termination "Aleksandar-Topalov won on time"]

1. e4 e6 2. Qe2 c5 3. Nf3 Nc6 4. g3 Be7 5. Bg2 d5 6. e5 Nh6 7. c3 Nf5 8. d3 O-O 9. O-O b5 10. Na3 b4 11. Nc2 a5 12. Bf4 a4 13. h4 a3 14. bxa3 bxc3 15. h5 Ncd4 16. Ncxd4 Nxd4 17. Nxd4 cxd4 18. h6 g6 19. Rab1 Rxa3 20. Bc1 Ra4 21.
f4 Qa5 22. Rf2 Ba6 23. Qc2 Rc8 24. g4 Bh4 25. Re2 Bg3 26. f5 Rb4 27. fxg6 fxg6 28.
a3 Rxb1 29. Qxb1 Qb5 30. Qc2 Qxd3 31. Qxd3 Bxd3 32. Ra2 Rb8 33. Ra1 Bxe5 34. Kf2 Be4 35. Bf1 d3 36. Ke3 d2 37. Bxd2 cxd2 38. Kxd2 Rb2+ 39. Ke1 Bg3+ 40. Kd1 Bf4 41. Ba6 Bf3+ 42. Ke1 Rh2 0-1

[Event "*** SCC Grand Prix: Titled Tuesday Blitz"]
[Site "Chess.com"]
[Date "2020.06.23"]
[Round "2"]
[White "econpower"]
[Black "skoularikii"]
[Result "1/2-1/2"]
[WhiteElo "2735"]
[BlackElo "2510"]
[TimeControl "180+1"]
[EndTime "10:18:37 PDT"]
[Termination "Game drawn - insufficient material"]

1. c4 c5 2. g3 Nc6 3. Bg2 g6 4.
Nc3 Bg7 5. e3 e5 6. Nge2 Nge7 7.
O-O d6 8. a3 O-O 9. Rb1 Be6 10.
Nd5 f5 11. d3 Rb8 12. b4 Qd7 13. b5 Nd8 14. Nxe7+ Qxe7 15. Qc2 g5 16. f4 Nf7 17.
Nc3 gxf4 18. gxf4 Kh8 19. Nd5 Qh4 20. Qf2 Qxf2+ 21. Rxf2 Bxd5 22. Bxd5 exf4 23. Rxf4 Ne5 24. Rb3 Bh6 25. Bb2 b6 26. h3 Rf6 27. Kf2 Bg7 28.
a4 Rh6 29. Kg2 Rf8 30. a5 Ng6 31. Bxg7+ Kxg7 32. Rf2 f4 33. d4 fxe3 34. Rxf8 Kxf8 35. dxc5 e2 36. Kf2 dxc5 37. Rf3+ Ke8 38. Kxe2 bxa5 39.
Rf7 Rxh3 40. Rxa7 Nf4+ 41. Kf2 Nxd5 42. cxd5 Rb3 43. Rxa5 Kd7 44. Ra7+ Kd6 45. Rxh7 Rxb5 46. Rh5 Rb4 47. Ke3 Rd4 48. Rg5 Rd1 49. Ke2 Rd4 50.
Ke3 Rh4 51. Kd3 c4+ 52. Kc3 Kc5 53. d6+ Kxd6 54. Rf5 Ke6 55. Rc5 Kd6 56. Rxc4 Rxc4+ 57. Kxc4 1/2-1/2

[Event "*** SCC Grand Prix: Titled Tuesday Blitz"]
[Site "Chess.com"]
[Date "2020.06.23"]
[Round "2"]
[White "DenLaz"]
[Black "Djager97"]
[Result "1-0"]
[WhiteElo "2705"]
[BlackElo "2472"]
[TimeControl "180+1"]
[EndTime "10:18:37 PDT"]
[Termination "DenLaz won by resignation"]

1. d4 Nf6 2. c4 c5 3. d5 d6 4. Nc3 g6 5. g3 Bg7 6. Bg2 O-O 7.
Nf3 e6 8. O-O exd5 9. cxd5 a6 10.
a4 Nbd7 11. Nd2 Nh5 12. Nce4 Ne5 13. f4 Ng4 14. Nc4 f5 15. Nexd6 Bd4+ 16. Kh1 Rf6 17. Nxc8 Qf8 18. e3 Nxg3+ 19. Kg1 Nxf1 20. Qxf1 Rxc8 21. exd4 cxd4 22. h3 Qb4 23. hxg4 Rxc4 24. Bd2 Qxd2 25. Qxc4 Qe3+ 26. Kh1 Qxf4 27. Qc1 Qxg4 28. d6 Qh4+ 29. Kg1 Qf4 30. Qxf4 1-0

[Event "*** SCC Grand Prix: Titled Tuesday Blitz"]
[Site "Chess.com"]
[Date "2020.06.23"]
[Round "2"]
[White "silverback96"]
[Black "Aemulus20"]
[Result "1-0"]
[WhiteElo "2279"]
[BlackElo "2582"]
[TimeControl "180+1"]
[EndTime "10:18:37 PDT"]
[Termination "silverback96 won by resignation"]

1. d4 d5 2. c4 c6 3. Nf3 Nf6 4. Nc3 Nbd7 5. g3 e6 6. Bg2 Bd6 7. O-O O-O 8. Nd2 Re8 9. e4 dxe4 10. Ndxe4 Be7 11. Bf4 Nxe4 12. Nxe4 Nf6 13. Nc3 Bd6 14.
Be5 Qc7 15. Bxf6 gxf6 16. Qg4+ Kh8 17. Qh5 Bf8 18. Ne4 Bg7 19. Rad1 h6 20. Rd3 f5 21.
Ng5 Kg8 22. Nf3 Rd8 23. Rfd1 b6 24. Ne5 Bb7 25. f4 Rd6 26. g4 fxg4 27. Qxg4 Rad8 28. Rg3 f5 29. Qg6 Qe7 30. Qxh6 Rxd4 31. Rxd4 Rxd4 32. Qh5 Rxf4 33. h3 Qc5+ 34. Kh2 Qxe5 35. Qe8+ Kh7 36. Qh5+ Bh6 37. Qg6+ 1-0

[Event "*** SCC Grand Prix: Titled Tuesday Blitz"]
[Site "Chess.com"]
[Date "2020.06.23"]
[Round "2"]
[White "antoszu"]
[Black "GMBenjaminBok"]
[Result "0-1"]
[WhiteElo "2548"]
[BlackElo "2844"]
[TimeControl "180+1"]
[EndTime "10:18:38 PDT"]
[Termination "GMBenjaminBok won by resignation"]

1. d4 Nf6 2. c4 e6 3. Nf3 d5 4. Nc3 c6 5. Bg5 h6 6. Bxf6 Qxf6 7. e3 g6 8. Nd2 Bg7 9. g3 O-O 10.
Bg2 Nd7 11. O-O Qe7 12. Qb3 Rd8 13. Rac1 Nb6 14. cxd5 exd5 15. Rfe1 Be6 16. Na4 Nxa4 17. Qxa4 h5 18. h4 Re8 19. b4 a6 20. Qb3 Bg4 21. a4 Bf8 22. Rb1 g5 23. e4 gxh4 24. exd5 Qxe1+ 25.
Rxe1 Rxe1+ 26. Kh2 Re2 27. Ne4 Kg7 28. dxc6 bxc6 29.
Qd3 Re8 30. f3 R8xe4 31. fxg4 hxg3+ 32. Kh3 hxg4+ 33. Kh4 Be7+ 34. Kh5 Re6 35. Kxg4 Rxg2 36. Qf5 Rg6+ 0-1

[Event "*** SCC Grand Prix: Titled Tuesday Blitz"]
[Site "Chess.com"]
[Date "2020.06.23"]
[Round "2"]
[White "keshka01"]
[Black "rpragchess"]
[Result "1-0"]
[WhiteElo "2544"]
[BlackElo "2787"]
[TimeControl "180+1"]
[EndTime "10:18:38 PDT"]
[Termination "keshka01 won by resignation"]

1. e4 c5 2. Be2 Nc6 3. f4 g6 4.
d3 Bg7 5. Nf3 e6 6. O-O Nge7 7.
c3 O-O 8. Be3 b6 9. d4 d5 10. e5 f6 11. g4 fxe5 12. fxe5 a5 13. Na3 Ba6 14. Nb5 Bxb5 15. Bxb5 Rc8 16. a3 h6 17. Bd3 a4 18. Qxa4 cxd4 19. cxd4 Na5 20. Kg2 Nc4 21. Bc1 b5 22. Qd1 Qb6 23. b3 Na5 24.
Bb2 Rf4 25. h3 Rcf8 26. Bc2 Nac6 27. Qd3 Re4 28. Qd2 Ref4 29. Qd3 h5 30. Kg3 hxg4 31. hxg4 b4 32. a4 Qa5 33. Bc1 Qc7 34. Bxf4 1-0

[Event "*** SCC Grand Prix: Titled Tuesday Blitz"]
[Site "Chess.com"]
[Date "2020.06.23"]
[Round "2"]
[White "dretch"]
[Black "Benjoneliere44"]
[Result "0-1"]
[WhiteElo "2778"]
[BlackElo "2539"]
[TimeControl "180+1"]
[EndTime "10:18:38 PDT"]
[Termination "Benjoneliere44 won by checkmate"]

1. d4 d6 2. Nf3 f5 3. g3 Nf6 4.
Bg2 g6 5. O-O Bg7 6. c4 O-O 7. Nc3 c6 8. b4 h6 9. Bb2 g5 10. d5 Qe8 11. Nd4 e5 12. dxc6 exd4 13. cxb7 Bxb7 14. Bxb7 dxc3 15. Bxc3 Nbd7 16. Bxa8 Qxa8 17.
Qxd6 Kh7 18. Rad1 Ne4 19. Qxd7 Nxc3 20. Rd2 Qe4 21. Qd3 Re8 22. e3 Qf3 23. Re1 g4 24. Rc2 Ne4 25. Qd5 Ng5 26. h4 gxh3 27. Kh2 Qg4 28. Rf1 Nf3+ 29. Kh1 h5 30. c5 h4 31. Rc4 Re4 32. Rxe4 fxe4 33. Qd6 Ne5 34. Kh2 hxg3+ 35.
fxg3 Qe2+ 36. Kxh3 Qxf1+ 37. Kh4 Bf6+ 38. Kh5 Qf5# 0-1

[Event "*** SCC Grand Prix: Titled Tuesday Blitz"]
[Site "Chess.com"]
[Date "2020.06.23"]
[Round "2"]
[White "Raffaello123"]
[Black "ENajer77"]
[Result "1-0"]
[WhiteElo "2527"]
[BlackElo "2661"]
[TimeControl "180+1"]
[EndTime "10:18:38 PDT"]
[Termination "Raffaello123 won on time"]

1. e4 c6 2. d4 d5 3. Nc3 dxe4 4. Nxe4 Bf5 5. Ng3 Bg6 6. Nf3 Nd7 7. h4 h6 8. h5 Bh7 9. Bd3 Bxd3 10. Qxd3 e6 11. Bd2 Ngf6 12. O-O-O Be7 13. Qe2 Rc8 14. Rhe1 O-O 15.
Nf5 exf5 16. Qxe7 Ne4 17. Qxd8 Rcxd8 18. Be3 Ndf6 19. Nh4 f4 20. Bxf4 Nxf2 21. Rd2 N2e4 22. Rd3 Rfe8 23. Be5 Ng5 24. Nf5 Nxh5 25. Rh1 f6 26.
Bd6 g6 27. Be7 Rd5 28. Nxh6+ Kg7 29. c4 Rd7 30. Ba3 Kxh6 31. g4 Re4 32. gxh5 gxh5 33. d5 Rxc4+ 34. Kb1 Rxd5 35. Re3 Re4 36. Rb3 b6 37.
Rg3 Rde5 38. Rgg1 Kg6 39. Bd6 Re6 40. Bb8 h4 41. a3 h3 42. Bxa7 b5 43. Bc5 Re2 44.
Ka2 R6e5 45. Bd6 Rd5 46. Bf4 Rd3 47. Bg3 Kf5 48. Rf1+ Kg6 49. Be1 1-0

[Event "*** SCC Grand Prix: Titled Tuesday Blitz"]
[Site "Chess.com"]
[Date "2020.06.23"]
[Round "2"]
[White "j2806"]
[Black "crossingthestreet"]
[Result "0-1"]
[WhiteElo "2056"]
[BlackElo "2387"]
[TimeControl "180+1"]
[EndTime "10:18:38 PDT"]
[Termination "crossingthestreet won by resignation"]

1. e4 e6 2. d4 d5 3. exd5 exd5 4.
Bd3 Nc6 5. c3 Bd6 6. h3 Nge7 7.
Nf3 Bf5 8. O-O Qd7 9. Re1 O-O-O 10. Ne5 Bxe5 11. dxe5 Ng6 12. f4 h5 13. Be3 Kb8 14.
Bxf5 Qxf5 15. Qf3 f6 16. exf6 gxf6 17. Kh1 Rhg8 18. Rg1 Rde8 19. Nd2 Nh4 20. Qf2 Qd3 21. Rae1 Nf5 22. Bc5 h4 23. Nf3 b6 24. Ba3 Re4 25.
Nxh4 Ng3+ 26. Kh2 Rxe1 27. Rxe1 Ne4 28. Qf3 Qc4 29. Nf5 Qxa2 30. Ne3 Rg3 31. Qf2 Nxf2 32.
Kxg3 Ne4+ 33. Kh2 Qb3 34. Rd1 a5 35. Rxd5 b5 36. Rd7 b4 37. cxb4 axb4 38. Nd5 bxa3 39. Nxc7 Qxb2 40. Na6+ Kc8 41. Rc7+ Kd8 42. Rxc6 a2 0-1

[Event "*** SCC Grand Prix: Titled Tuesday Blitz"]
[Site "Chess.com"]
[Date "2020.06.23"]
[Round "2"]
[White "letsgoband"]
[Black "Vaathi_Coming"]
[Result "0-1"]
[WhiteElo "2552"]
[BlackElo "2852"]
[TimeControl "180+1"]
[EndTime "10:18:39 PDT"]
[Termination "Vaathi_Coming won by resignation"]

1. e4 c5 2. Nf3 e6 3. Nc3 d6 4. d4 cxd4 5. Nxd4 Nf6 6. g3 Bd7 7. Bg2 Nc6 8. O-O a6 9. Be3 Be7 10. h3 O-O 11. Nxc6 Bxc6 12. a4 Qc7 13. a5 Rac8 14. Qd2 Nd7 15. Rfd1 Ne5 16. Bb6 Qb8 17.
b3 f5 18. f4 Nd7 19. Be3 Qc7 20. Nd5 Bxd5 21. exd5 e5 22. c4 Kh8 23. Rac1 Nc5 24.
Qa2 exf4 25. Bxf4 g5 26. Be3 f4 27. gxf4 gxf4 28. Bd4+ Bf6 29. b4 Bxd4+ 30. Rxd4 Qg7 31. Rd2 Ne4 32. Re2 Nc3 33. Rxc3 Qxc3 34. Re7 Rce8 35. Qe2 Rxe7 36. Qxe7 Qe3+ 37. Qxe3 fxe3 38. Bf1 Rf2 39. c5 dxc5 40. bxc5 Rd2 41. Bc4 Rd4 42. Bb3 Rb4 43.
Ba2 Rf4 0-1

[Event "*** SCC Grand Prix: Titled Tuesday Blitz"]
[Site "Chess.com"]
[Date "2020.06.23"]
[Round "2"]
[White "goldaxe"]
[Black "bgfbfbgfbgfgf"]
[Result "1-0"]
[WhiteElo "2299"]
[BlackElo "2623"]
[TimeControl "180+1"]
[EndTime "10:18:39 PDT"]
[Termination "goldaxe won by checkmate"]

1. e4 c5 2. Nf3 d6 3. d4 cxd4 4.
Nxd4 Nf6 5. Nc3 a6 6. Be3 e5 7. Nb3 Be6 8. Qd2 Nbd7 9. O-O-O Rc8 10. f4 b5 11. Kb1 Be7 12. f5 Bc4 13. g4 Nxg4 14.
Rg1 Nxe3 15. Qxe3 g6 16. Bxc4 bxc4 17. Nd2 Nf6 18. Ka1 O-O 19. Nf3 Rb8 20. Rb1 Qb6 21. Qe2 Rfc8 22. Rgd1 Qa5 23. Nd2 Rxb2 24. Rxb2 Qxc3 25. Nb1 Qa5 26. fxg6 hxg6 27. Rb7 Kf8 28. Rf1 Bd8 29. Qe3 c3 30. Qa7 Rc7 31. Rxc7 Bxc7 32. Rxf6 Qb4 33. Rxf7+ Kg8 34. Rg7+ Kf8 35. Rf7+ Ke8 36.
Re7+ Kd8 37. Qxc7# 1-0

[Event "*** SCC Grand Prix: Titled Tuesday Blitz"]
[Site "Chess.com"]
[Date "2020.06.23"]
[Round "2"]
[White "icychess54"]
[Black "Sashadav97"]
[Result "0-1"]
[WhiteElo "2319"]
[BlackElo "2600"]
[TimeControl "180+1"]
[EndTime "10:18:39 PDT"]
[Termination "Sashadav97 won on time"]

1. c4 e5 2. Nc3 Bb4 3. Qc2 Nf6 4. Nf3 Nc6 5. e3 Bxc3 6. Qxc3 e4 7. Nd4 O-O 8. Be2 Ne5 9. O-O d6 10. b3 c5 11. Nc2 b6 12. Bb2 Bb7 13. Ne1 Re8 14.
f4 exf3 15. Nxf3 Ne4 16. Qc2 Nxf3+ 17. Bxf3 Rb8 18. d3 Ng5 19. Bxb7 Rxb7 20. e4 f6 21. Rf5 Rbe7 22. Raf1 Re6 23. Qf2 Nf7 24. Qg3 Kh8 25.
h4 Ne5 26. h5 h6 27. Bxe5 dxe5 28. R1f3 R8e7 29. Qg6 Qe8 30. Qg4 Rd6 31. Rg3 Qd8 32.
Rff3 a6 33. a4 b5 34. axb5 axb5 35. cxb5 Rb6 36. Qg6 Reb7 37. Kh2 Rxb5 38. Qf5 Rxb3 39. Qe6 R3b6 40. Qc4 Rc7 41. Rg4 Qe8 42. Rg6 Rd6 43.
Rfg3 Rd4 0-1

[Event "*** SCC Grand Prix: Titled Tuesday Blitz"]
[Site "Chess.com"]
[Date "2020.06.23"]
[Round "2"]
[White "Camels1981"]
[Black "WildTricks"]
[Result "1-0"]
[WhiteElo "2319"]
[BlackElo "2492"]
[TimeControl "180+1"]
[EndTime "10:18:39 PDT"]
[Termination "Camels1981 won by resignation"]

1. e4 c5 2. Nf3 d6 3. d4 cxd4 4. Nxd4 Nf6 5. Nc3 a6 6. Bc4 e6 7. Bb3 Be7 8. O-O O-O 9. Be3 b5 10. a3 Bb7 11. f3 Nbd7 12. Qe1 Rc8 13. Rd1 Qc7 14. Qg3 Rfd8 15. Bxe6 fxe6 16. Nxe6 Nh5 17. Qh3 Qc4 18. Nxd8 Bxd8 19. Qxh5 Nf6 20. Qf5 Ba5 21. Rxd6 Bxc3 22. bxc3 Qxc3 23. Bd4 Qxc2 24. Rxf6 gxf6 25. Qe6+ Kf8 26. Qxf6+ Ke8 27. Qe6+ Kf8 28. Be3 Rc7 29. Bh6+ Rg7 30. Qf6+ Ke8 31. Bxg7 Qc5+ 32. Kh1 Qxa3 33. Rd1 Bd5 34. exd5 Kd7 35. Qc6+ Ke7 36. Qe6+ Kd8 37. Bf6+ Kc7 38. d6+ Kb6 39.
d7+ Ka5 40. d8=Q+ Ka4 41. Qd4+ 1-0

[Event "*** SCC Grand Prix: Titled Tuesday Blitz"]
[Site "Chess.com"]
[Date "2020.06.23"]
[Round "2"]
[White "Ermito2020"]
[Black "catalin009"]
[Result "1-0"]
[WhiteElo "2495"]
[BlackElo "2302"]
[TimeControl "180+1"]
[EndTime "10:18:39 PDT"]
[Termination "Ermito2020 won by resignation"]

1. e4 c6 2. d4 d5 3. e5 Bf5 4. Nf3 e6 5. Be2 Nd7 6. O-O h6 7. Nbd2 Ne7 8. Nb3 g5 9. a4 Bg7 10. a5 O-O 11. c3 f6 12. exf6 Bxf6 13. h4 Ng6 14. hxg5 hxg5 15. Nh2 Rf7 16. g4 Rh7 17. f3 Qc7 18. Rf2 Kg7 19. Bf1 Rah8 20. Qd2 Nh4 21. f4 Be4 22. fxg5 Be7 23. Qf4 Qxf4 24.
Bxf4 Ng6 25. Bg3 Bxg5 26. Re1 Nf6 27. Nd2 Nxg4 28. Nxe4 Nxf2 29. Nxf2 Nf4 30. Nfg4 Kf7 31. Re5 Rh5 32. Rxg5 Rxg5 33. Bxf4 Rf5 34. Be5 Rg8 35.
Bg2 Rfg5 36. Nh6+ Ke7 37. Nxg8+ 1-0

[Event "*** SCC Grand Prix: Titled Tuesday Blitz"]
[Site "Chess.com"]
[Date "2020.06.23"]
[Round "2"]
[White "RobertoJBM"]
[Black "Artem_Koval"]
[Result "0-1"]
[WhiteElo "2661"]
[BlackElo "2430"]
[TimeControl "180+1"]
[EndTime "10:18:40 PDT"]
[Termination "Artem_Koval won by resignation"]

1. d4 d5 2. c4 e5 3. dxe5 d4 4.
Nf3 Nc6 5. a3 Nge7 6. b4 Ng6 7.
Bb2 a5 8. b5 Ncxe5 9. Nxe5 Nxe5 10. Qxd4 Qxd4 11. Bxd4 Nxc4 12. e3 Be6 13. Nd2 Nxa3 14.
Bd3 Bb4 15. Ke2 Bd7 16. Bxg7 Rg8 17. Be5 Nxb5 18. Bxh7 Rg5 19. Bf4 Rd5 20. Ne4 Nc3+ 21. Nxc3 Bxc3 22. Rac1 Rd2+ 23. Kf3 Bc6+ 24. Be4 Bxe4+ 25.
Kxe4 Bb2 26. Rxc7 b5 27. Rc5 b4 28. Rb5 Rxf2 29. Rd1 a4 30. Rxb4 a3 31. Bg3 Rc2 32.
Be5 Bxe5 33. Kxe5 Rxg2 34. h4 a2 35. Ra1 Ra5+ 36. Kf4 Rf2+ 37. Kg3 Re2 38. Kf3 Rh2 39.
Re4+ Kf8 40. Kg3 Rb2 41. h5 Rb1 42. h6 Rxa1 0-1

[Event "*** SCC Grand Prix: Titled Tuesday Blitz"]
[Site "Chess.com"]
[Date "2020.06.23"]
[Round "2"]
[White "Airquake"]
[Black "Orest_Vovk"]
[Result "1-0"]
[WhiteElo "2669"]
[BlackElo "2397"]
[TimeControl "180+1"]
[EndTime "10:18:41 PDT"]
[Termination "Airquake won by resignation"]

1. e4 g5 2. d4 g4 3. Qxg4 d5 4. Qe2 dxe4 5. Qxe4 Nf6 6. Qd3 Nc6 7. Nf3 Bg4 8. c3 Qd5 9. Bf4 O-O-O 10. Ne5 Nxe5 11.
Bxe5 Rg8 12. Nd2 Nd7 13. Bg3 e5 14. f3 Bh5 15. Qe4 Qxe4+ 16. fxe4 exd4 17. cxd4 Nb6 18. Rc1 Rxd4 19. Bxc7 Kd7 20. Bb5+ Ke6 21. Bxb6 axb6 22. Bc4+ Ke5 23. Bd5 Bb4 24. O-O Rxd2 25. Rf5+ Kd4 26.
Rxh5 Rgxg2+ 27. Kh1 Rge2 28. Bxb7 Rxb2 29. Ba6 Red2 30. Rc4+ Ke3 31. Rh3+ Kf2 32. Rc1 Re2 33. Bxe2 Rxe2 34. Rg1 Bc5 35. Rg2+ Ke1 36. Rxe2+ Kxe2 37. Rxh7 Ke3 38. Rxf7 Kxe4 39. h4 Kd3 40. h5 Kc2 41. h6 Kb2 42. h7 Bd4 43. Rb7 Kxa2 44. Rxb6 1-0

[Event "*** SCC Grand Prix: Titled Tuesday Blitz"]
[Site "Chess.com"]
[Date "2020.06.23"]
[Round "2"]
[White "Loveforever_Pepi"]
[Black "Poghosyan_Suren"]
[Result "0-1"]
[WhiteElo "2186"]
[BlackElo "2429"]
[TimeControl "180+1"]
[EndTime "10:18:41 PDT"]
[Termination "Poghosyan_Suren won on time"]

1. e4 e6 2. d4 d5 3. Nd2 Nc6 4. c3 e5 5. dxe5 dxe4 6. Nxe4 Qxd1+ 7. Kxd1 Nxe5 8. Bf4 f6 9. Bxe5 fxe5 10. Nf3 Nf6 11. Bd3 Bg4 12. Ke2 O-O-O 13. Rad1 Nd5 14. g3 Ba3 15.
bxa3 Rhf8 16. Nd2 Nxc3+ 17. Ke3 Nxd1+ 18. Rxd1 Rxd3+ 19. Kxd3 Bxf3 20. Re1 Bc6 21. Rxe5 Rxf2 22. Re7 Rxh2 23. Rxg7 b5 24. Kc3 h5 25. Nb3 Rg2 26.
Nc5 Re2 27. Na6 Bd7 28. Nc5 Be8 29. Kd3 Re5 30. Kd4 Re1 31. Na6 Rd1+ 32. Kc3 Rc1+ 33.
Kb2 Rc6 34. Nb4 Rg6 35. Rxg6 Bxg6 36. Nc6 Kb7 37. Ne5 Be8 0-1

[Event "*** SCC Grand Prix: Titled Tuesday Blitz"]
[Site "Chess.com"]
[Date "2020.06.23"]
[Round "2"]
[White "Alexandercs432"]
[Black "Kislov_Oleg"]
[Result "0-1"]
[WhiteElo "2089"]
[BlackElo "2391"]
[TimeControl "180+1"]
[EndTime "10:18:41 PDT"]
[Termination "Kislov_Oleg won by resignation"]

1. e4 c5 2. Nf3 Nc6 3. d4 cxd4 4. Nxd4 e5 5. Nb5 d6 6. N1c3 a6 7. Na3 b5 8. Nd5 Nge7 9. c4 Nd4 10. cxb5 Nxd5 11.
exd5 Qh4 12. Be3 Nf5 13. Bd2 Qe4+ 14. Qe2 Qxd5 15. Qc4 Qxc4 16. Bxc4 Bb7 17. O-O d5 18. bxa6 Bc6 19. Bb5 Bxb5 20. Nxb5 Kd7 21. a7 Nd6 22. Nxd6 Bxd6 23. f4 Bc5+ 24. Kh1 e4 25. Rfe1 f5 26. Bc3 Rhg8 27. Rad1 Ke6 28. Bd4 Bxa7 29. a3 g6 30. Bxa7 Rxa7 31. Rd4 Rc8 32. Red1 Ra5 33. h3 Rc2 34.
R1d2 Rxd2 35. Rxd2 Kd6 36. Rd4 Kc5 37. b4+ Kxd4 38. bxa5 Kc5 39. Kg1 Kb5 40. Kf2 Kxa5 41. Ke3 Ka4 42. Kd4 Kxa3 0-1

[Event "*** SCC Grand Prix: Titled Tuesday Blitz"]
[Site "Chess.com"]
[Date "2020.06.23"]
[Round "2"]
[White "Zurability"]
[Black "renehp"]
[Result "1-0"]
[WhiteElo "2673"]
[BlackElo "2403"]
[TimeControl "180+1"]
[EndTime "10:18:43 PDT"]
[Termination "Zurability won by resignation"]

1. Nf3 d5 2. c4 c6 3. g3 Nf6 4.
Bg2 Bg4 5. Ne5 Be6 6. cxd5 Bxd5 7. Nf3 c5 8. Nc3 Bc6 9. O-O e6 10. d3 Be7 11. e4 O-O 12. a4 Qd7 13. Ne5 Qc8 14.
Nxc6 Nxc6 15. Be3 Rd8 16. Qb1 Nd4 17. h3 Qc7 18. Qd1 a6 19. Ne2 Nxe2+ 20. Qxe2 Qa5 21. Rfc1 Rd7 22. Qc2 Rad8 23. Bf1 Qb4 24. a5 Rc8 25. Ra4 Qb5 26. d4 Qc6 27. dxc5 Rcd8 28. Rc4 h6 29. b4 e5 30. Be2 Qe6 31. Kg2 Nh7 32. c6 bxc6 33.
Rxc6 Rd6 34. Rxd6 Bxd6 35. Bxa6 Bxb4 36. Bc4 Qc8 37. Bxf7+ Kxf7 38. Qxc8 1-0

[Event "*** SCC Grand Prix: Titled Tuesday Blitz"]
[Site "Chess.com"]
[Date "2020.06.23"]
[Round "2"]
[White "Stormeman100100"]
[Black "DishonorOnYourCow"]
[Result "0-1"]
[WhiteElo "2484"]
[BlackElo "2318"]
[TimeControl "180+1"]
[EndTime "10:18:43 PDT"]
[Termination "DishonorOnYourCow won by resignation"]

1. e4 c5 2. Nf3 d6 3. d4 cxd4 4. Nxd4 Nf6 5. Nc3 a5 6. Bb5+ Nbd7 7. Bg5 e6 8. f4 Be7 9. Qf3 O-O 10. O-O-O Qb6 11.
g4 Qc5 12. Kb1 Nb6 13. Rhe1 Bd7 14. Bxd7 Nbxd7 15. Ndb5 Rfc8 16. Qg3 a4 17. e5 dxe5 18.
fxe5 Nd5 19. Bxe7 Qxe7 20. Nxd5 exd5 21. Rxd5 Nb6 22. Rd4 Qc5 23. Qd3 Nc4 24. e6 fxe6 25. Nd6 Qb4 26. Nxc4 Qxe1+ 27. Qd1 Qxd1+ 28. Rxd1 Rxc4 29. b3 axb3 30. axb3 Rxg4 31. Kb2 Rg2 32. Rd7 Rc8 33. Rxb7 Rcxc2+ 34. Ka3 Rxh2 35. b4 Ra2+ 36. Kb3 h5 37. b5 Rhb2+ 38. Kc3 h4 39. b6 h3 40. Rb8+ Kh7 41. b7 h2 42. Ra8 Rxb7 43. Rxa2 h1=Q 0-1

[Event "*** SCC Grand Prix: Titled Tuesday Blitz"]
[Site "Chess.com"]
[Date "2020.06.23"]
[Round "2"]
[White "NewBornNow"]
[Black "Moon_stone123"]
[Result "1-0"]
[WhiteElo "2697"]
[BlackElo "2467"]
[TimeControl "180+1"]
[EndTime "10:18:44 PDT"]
[Termination "NewBornNow won by checkmate"]

1. e4 c5 2. Nf3 d6 3. d4 Nf6 4.
Nc3 cxd4 5. Nxd4 g6 6. Be3 Bg7 7. f3 Nc6 8. Qd2 O-O 9. Bc4 Bd7 10. O-O-O Rc8 11. Bb3 Ne5 12. Kb1 Re8 13. g4 b5 14.
g5 b4 15. Nce2 Nh5 16. Ng3 a5 17. Nxh5 gxh5 18. f4 a4 19. fxe5 axb3 20. Nxb3 Bxe5 21. Qxb4 Qc7 22. Qd2 Ra8 23. Bd4 Bxd4 24. Qxd4 Rec8 25.
Rd2 Be6 26. Re1 Bxb3 27. cxb3 Ra5 28. a3 Qb7 29. b4 Re5 30. h4 Qb5 31. Qd3 Qb7 32.
Qf3 Rc4 33. Rf2 e6 34. Rfe2 Qc6 35. Qf4 Qc7 36. Re3 Qc6 37. Qf3 Qc7 38. Qxh5 Rc2 39. Qf3 Qc4 40. Rc3 Rxc3 41. Qxc3 Qb5 42. Qd4 Kg7 43.
Qxd6 h6 44. gxh6+ Kh7 45. Qd4 f5 46. Rc1 Rxe4 47. Qg7# 1-0

[Event "*** SCC Grand Prix: Titled Tuesday Blitz"]
[Site "Chess.com"]
[Date "2020.06.23"]
[Round "2"]
[White "GianmarcoVaR"]
[Black "kingofkolkata"]
[Result "0-1"]
[WhiteElo "2401"]
[BlackElo "2191"]
[TimeControl "180+1"]
[EndTime "10:18:44 PDT"]
[Termination "kingofkolkata won by checkmate"]

1. d4 d5 2. Nf3 Nf6 3. Bf4 c5 4. e3 Nc6 5. c3 Qb6 6. Qb3 c4 7.
Qxb6 axb6 8. Na3 e5 9. Nxe5 Bxa3 10. bxa3 Ne4 11. Bxc4 dxc4 12. Nxc4 Be6 13. Nxb6 Ra6 14. d5 Rxb6 15. dxe6 fxe6 16. c4 O-O 17. f3 Nf6 18. Bd6 Rd8 19. Bc7 Rb2 20. Bxd8 Nxd8 21. O-O Nc6 22.
Rfb1 Rc2 23. Rxb7 Rxc4 24. Rd1 h5 25. h3 h4 26. Kh2 Nh5 27. Rc7 Ng3 28. Kg1 Rc2 29. a4 Ne2+ 30. Kh2 Ng3 31. Re1 Nb4 32. Rc8+ Rxc8 33. Rb1 Nxa2 34. Rb2 Rc1 35. Rb1 Rxb1 36. f4 Rh1# 0-1

[Event "*** SCC Grand Prix: Titled Tuesday Blitz"]
[Site "Chess.com"]
[Date "2020.06.23"]
[Round "2"]
[White "penguingm1"]
[Black "Titus369"]
[Result "1-0"]
[WhiteElo "2908"]
[BlackElo "2569"]
[TimeControl "180+1"]
[EndTime "10:18:45 PDT"]
[Termination "penguingm1 won by checkmate"]

1. d4 d5 2. Bf4 Nf6 3. e3 e6 4. Nf3 Bd6 5. Nbd2 O-O 6. Bd3 c5 7. c3 Qc7 8. Bxd6 Qxd6 9. Ne5 b6 10. Qe2 Bb7 11. O-O Ne4 12. Rad1 Qe7 13. f4 f6 14. Ng4 Nd7 15. Nf3 a5 16. Nf2 a4 17.
Bb5 Nb8 18. Nxe4 dxe4 19. Nd2 f5 20. Nc4 Qc7 21. Ne5 Ba6 22. d5 exd5 23. Rxd5 Bxb5 24. Qxb5 Kh8 25. Rfd1 Ra5 26. Qc4 Nc6 27. Nd7 Rg8 28. Rd6 Raa8 29. Qd5 Rac8 30. Qxf5 Ne7 31. Qxe4 Ng6 32.
Qf5 Rce8 33. Rxg6 Qc8 34. Rgd6 Rxe3 35. R6d5 Rge8 36. h3 Re1+ 37. Rxe1 Rxe1+ 38. Kh2 Re8 39. Qg4 Rg8 40. Ne5 Qe8 41. Rd7 Rf8 42. Qxg7# 1-0